 Dungeon Crawl Stone Soup version 0.19-a0-376-gf780d9b (webtiles) character file.

128 George the Slasher (level 4, 0/33 HPs)
             Began as a Demonspawn Gladiator on May 30, 2016.
             Killed by nerve-wracking pain
             ... invoked by Grinder
              (11 damage)
             ... on level 3 of the Dungeon.
             The game lasted 00:05:33 (1987 turns).

George the Slasher (Demonspawn Gladiator)           Turns: 1987, Time: 00:05:34

Health: 0/33       AC: 13    Str: 17    XL:     4   Next: 87%
Magic:  4/4        EV: 10    Int:  9    God:
Gold:   187        SH:  0    Dex: 13    Spells: 0 memorised, 3 levels left

rFire  . . .     SeeInvis .     a - +0 long sword
rCold  + . .     Gourm    .     x - +0 scale mail (curse)
rNeg   . . .     Faith    .     (no shield)
rPois  .         Spirit   .     c - +0 helmet
rElec  .         Dismiss  .     y - +0 cloak (curse)
rCorr  .         Reflect  .     (no gloves)
SustAt .         Harm     .     G - +0 pair of boots
MR     .....                    (no amulet)
Stlth  ..........               o - +3 ring of protection
                                (no ring)

@: not resistant to hostile enchantments, extremely unstealthy
A: icy blue scales 1, cold resistance 1
a: no special abilities


You were on level 3 of the Dungeon.
You were hungry.

You visited 1 branch of the dungeon, and saw 3 of its levels.

You collected 187 gold pieces.

Inventory:

Hand Weapons
 a - a +0 long sword (weapon)
 h - a +0 short sword
Missiles
 d - 3 throwing nets (quivered)
 D - 5 javelins
Armour
 c - a +0 helmet (worn)
 x - a cursed +0 scale mail (worn)
 y - a cursed +0 cloak (worn)
 G - a +0 pair of boots (worn)
Jewellery
 n - an uncursed ring of ice
 o - a +3 ring of protection (right hand)
Scrolls
 i - 2 scrolls of remove curse {unknown}
 j - 5 scrolls of identify {unknown}
 k - 2 scrolls of teleportation {unknown}
 u - 3 scrolls of blinking {unknown}
 v - a scroll of fog {unknown}
 C - 2 scrolls of enchant weapon {unknown}
 H - 2 scrolls of fear {unknown}
Potions
 g - a potion of degeneration {unknown}
 l - a potion of might {unknown}
 m - a potion of heal wounds {unknown}
 p - a potion of mutation {unknown}
 q - a potion of lignification
 s - a potion of cancellation {unknown}
 t - a potion of ambrosia
 w - a potion of curing {unknown}
 A - a potion of berserk rage {unknown}
 B - a potion of haste {unknown}
 E - a potion of brilliance {unknown}
Books
 F - a book of Unlife

   Spells                             Type                      Level
   a - Recall                         Summoning/Translocation      3
   b - Animate Dead                   Necromancy                   4
   c - Control Undead                 Necromancy                   4
   d - Cigotuvi's Embrace             Necromancy                   5
   e - Death Channel                  Necromancy                   6
   f - Simulacrum                     Ice/Necromancy               6
Comestibles
 f - 6 bread rations


   Skills:
 - Level 2.0 Fighting
 + Level 5.1 Long Blades
 - Level 1.7 Throwing
 - Level 2.6 Dodging


You had 3 spell levels left.
You didn't know any spells.

Dungeon Overview and Level Annotations

Branches:
Dungeon (3/15)

Altars:

Annotations:
D:3 Grinder


Innate Abilities, Weirdness & Mutations

You are partially covered in icy blue scales. (AC +1)
Your flesh is cold resistant. (rC+)


Message History

Grinder hits you but does no damage. x2
You hit Grinder but do no damage.
Grinder is moderately wounded.
Grinder says, "What is the universe for?"
Grinder hits you.
You writhe in agony.
You barely miss Grinder.
Grinder is moderately wounded.
Grinder barely misses you.
You closely miss Grinder.
Grinder is moderately wounded.
Grinder gestures at you. Pain shoots through your body!
You closely miss Grinder.
Grinder is moderately wounded.
Grinder closely misses you.
You hit Grinder but do no damage.
Grinder is moderately wounded.
Grinder gestures at you. Pain shoots through your body!
You die...

......# ......#
......##########
....#).........#
...............#
##.....(....<..###
##.............#.#
.+....###(#.####.###.#
##...## #.#....5@....#
#...# #)############
###+####.#........#
##.......#.######.# #
#.......['.# #.###.#
##........########.)...#
..........'.........####
##........#########.#
#........# ##....(###


You could see Grinder.

Vanquished Creatures
  Crazy Yiuf (D:2)
  Terence (D:2)
  An adder (D:2)
  2 worms (D:3)
  2 dart slugs
  4 giant geckos
  4 giant cockroaches
  5 hobgoblins
  7 bats
  5 giant newts
  10 goblins
  4 kobolds
  7 rats
53 creatures vanquished.

Notes
Turn   | Place    | Note
--------------------------------------------------------------
     0 | D:1      | George the Demonspawn Gladiator began the quest for the Orb.
     0 | D:1      | Reached XP level 1. HP: 16/16 MP: 1/1
    36 | D:1      | Reached skill level 3 in Long Blades
    48 | D:1      | Gained mutation: Your flesh is cold resistant. (rC+) [demonic ancestry]
    48 | D:1      | Reached XP level 2. HP: 13/22 MP: 2/2
   529 | D:1      | Gained mutation: You are partially covered in icy blue scales. (AC +1) [demonic ancestry]
   529 | D:1      | Reached XP level 3. HP: 27/27 MP: 3/3
   743 | D:2      | Reached skill level 4 in Long Blades
   761 | D:2      | Noticed Terence
   769 | D:2      | Killed Terence
   769 | D:2      | Reached XP level 4. HP: 14/33 MP: 4/4
  1421 | D:2      | Noticed Crazy Yiuf
  1425 | D:2      | Killed Crazy Yiuf
  1425 | D:2      | Reached skill level 5 in Long Blades
  1920 | D:3      | HP: 2/49 [poisoned by kobold (curare-tipped needle)]
  1965 | D:3      | Noticed Grinder
  1987 | D:3      | Killed from afar by Grinder

Vault maps used:
D:1:      evilmike_arrival_hilbert_curve
D:2:      first_bread, lemuel_old_faithful, uniq_crazy_yiuf_cottage,
          uniq_terence
D:3:      uniq_grinder

Skill      XL: |  1  2  3  4 |
---------------+-------------+-----
Long Blades    | 3 4 5 |  5.1
Fighting       | |  2.0
Throwing       | |  1.7
Dodging        | |  2.6

Action                   |  1- 3 |  4- 6 || total
-------------------------+-------+-------++-------
Melee: Long sword        |   104 |    72 ||   176
  Use: Potion            |       |     2 ||     2
  Eat: Chunk             |       |     3 ||     3
Armor: Leather armour    |    47 |    10 ||    57
       Scale mail        |       |    21 ||    21
Dodge: Dodged            |   109 |    43 ||   152
